 Dungeon Sprint DCSS version 0.30-b1-2-g02819fbbbe (webtiles) character file.

Game seed: 5756693320492514195

1394 Groucho the Unseen (level 8, 0/39 HPs)
             Began as a Felid Fighter on May 3, 2023.
             Was a Priest of Dithmenos.
             Engulfed by a death drake's foul pestilence (3 damage)
             ... in the Dungeon (Sprint II: "The Violet Keep of Menkaure").
             The game lasted 00:06:28 (1375 turns).

Groucho the Unseen (Felid Fighter)                  Turns: 1375, Time: 00:06:29

Health: 0/39       AC:  2    Str: 14    XL:     8   Next: 41%
Magic:  22/22      EV: 30    Int: 10    God:    Dithmenos [***...]
Gold:   630        SH:  0    Dex: 15    Spells: 25/25 levels left
                                        Lives:  0   Deaths: 2

rFire   . .          .
                       - Unarmed
rCold   . . .        (shield unavailable)
rNeg    . . .        (body armour unavailable)
rPois   .            (helmet unavailable)
rElec   .            (cloak unavailable)
rCorr   .            (gloves unavailable)
SInv    +            (boots unavailable)
Will    +....        (no amulet)
Stlth   ++++++++     b - +5 ring of evasion
HPRegen 0.00/turn    (no ring)
MPRegen 0.18/turn

%: no teleportation
@: mighty, lethally poisoned (0 -> -39), inhibited regen, slowed, wreathed by
umbra, unable to drink, slow
A: very small, claws 1, fangs 3, see invisible, speed 1, shaggy fur 2, stealthy
paws, no weapons or thrown items, no armour, multi-lived, clumsy 1,
deterioration 1, frail 1, inhibited regeneration, inability to drink after
injury 1
a: Renounce Religion, Shadow Step


You were in the Dungeon.
You worshipped Dithmenos.
Dithmenos was most pleased with you.
You visited 1 branch You collected 1134 gold pieces.
You spent 504 gold pieces at shops.

Inventory:

Jewellery
 b - a +5 ring of evasion (left paw)
Potions
 e - 2 potions of magic


   Skills:
 + Level 10.7 Fighting
 + Level 13.7 Dodging
 - Level 15.0 Stealth
 + Level 11.0 Unarmed Combat
 + Level 9.3 Spellcasting


You had 25 spell levels left.
You didn't know any spells.
Your spell library was empty.

Dungeon Overview and Level Annotations

Branches:
Dungeon (1/1)

Altars:
Cheibriados
Dithmenos
Elyvilon
Fedhas
Gozag
Hepliaklqana
Kikubaaqudgha
Makhleb
Nemelex Xobeh
Okawaru
Qazlal
Ru
Sif Muna
Trog
Uskayaw
Vehumet
Wu Jian
Xom
Yredelemnul
Zin
The Shining One
Jiyva
Lugonu

Shops:
D :[:?!===[=!==[(

Annotations:
D exclusion: oklob plant


Innate Abilities, Weirdness & Mutations

You have sharp claws.
You have razor-sharp teeth.
You have supernaturally acute eyesight. (SInv)
You cover ground quickly. (Speed+)
You are covered in thick fur. (AC +2)
Your paws help you pounce on unaware monsters.
You are incapable of wielding weapons or throwing items.
You cannot wear armour.
You gain extra lives every three experience levels.
You are clumsy. (Dex -2)
Your body sometimes deteriorates upon taking damage.
You are frail. (-10% HP)
You do not regenerate when monsters are visible.
You occasionally lose the ability to drink potions when taking damage.


Message History

The death drake is lightly wounded.
You are engulfed in dark miasma.
You are more poisoned.
You feel yourself slow down.
* * * LOW HITPOINT WARNING * * *
x2 You feel extremely sick.
The death drake breathes miasma at you. The foul vapour engulfs you!
You are more poisoned.
You die...
The crystal guardian fires a crystalline bolt at you.
The crystal bolt freezes your lifeless body!!
The crystal bolt misses you.
The crystal bolt freezes the crystal guardian.
The crystal guardian completely resists.
The crystal bolt freezes the crystal guardian.
The crystal guardian completely resists.
You are now level 8!
You rejoin the land of the living...
Unknown command.
Unknown command.
You are engulfed in a cloud of scalding steam.
You feel very mighty all of a sudden.
You are engulfed in a cloud of scalding steam.
You enter the shallow water.
Moving in this stuff is going to be slow.
You are engulfed in a cloud of scalding steam.
The death drake fails to trigger a net trap.
The death drake breathes miasma at you. The foul vapour engulfs you!
You are poisoned.
You feel threatened and lose the ability to drink potions!
* * * LOW HITPOINT WARNING * * *
You see here a yak skeleton.
You claw the death drake! You bite the death drake!
The death drake is moderately wounded.
You are engulfed in dark miasma.
You are more poisoned.
You feel yourself slow down.
You die... ++ ...#k## . .. ..#9†# ##+ .. ####.#°.# #.####.####..÷.##.# .##..# ...#..#...#### #...####..#####..##)# ??!$[

##'###.##..# +.○#††#▓$?)$!
##.##...#..# #○k#.†#▓(:[?[
'.<.'.##'..####○@##.#▓(=?$?
##.##...#....###○○○##▓▓▓▓▓▓
##'###.##......○~~○~~~~~~~~
#..#####~~.....~#'########+
.†##.#~~~~~§~§.~#....._._#~
#.#.##~~§§§§§~.~#...._._.#~
##+##~~~≈≈≈~~§~~#..._._._#~
~~~~~~~~§≈§§§§§§#.._._._.#~
++#+++#~≈§≈≈≈§§§#._._._._#§


You could see a death drake (catching breath).

Vanquished Creatures
  A death drake (D)
  A yaktaur (D)
  A hornet (D)
  3 polar bears (D)
  2 wyverns (D)
  3 yaks (D)
  4 neqoxecs (D)
  Menkaure (D)
  A water moccasin (D)
  2 swamp drakes (D)
  4 necrophages (D)
  3 worms (D)
26 creatures vanquished.

Notes
Turn   | Place    | Note
-------+----------+-------------------------------------------
     0 | D        | Groucho the Felid Fighter began the quest for the Orb.
     0 | D        | Reached XP level 1. HP: 10/10 MP: 2/2
     4 | D        | Noticed a neqoxec
     4 | D        | Noticed a neqoxec
     4 | D        | Noticed a neqoxec
     4 | D        | Noticed a neqoxec
     4 | D        | Gained mutation: Your body sometimes deteriorates upon
                  | taking damage. [a neqoxec]
    12 | D        | Gained mutation: You are frail. (-10% HP) [a neqoxec]
    15 | D        | Killed a neqoxec
    16 | D        | Reached skill level 13 in Stealth
    16 | D        | Reached XP level 2. HP: 11/12 MP: 3/3
    16 | D        | Reached XP level 3. HP: 13/15 MP: 4/4
    16 | D        | Reached XP level 4. HP: 16/18 MP: 5/5
    24 | D        | Gained mutation: You do not regenerate when monsters are
                  | visible. [a neqoxec]
    26 | D        | Lost intelligence.
    30 | D        | Gained mutation: You are clumsy. (Dex -2) [a neqoxec]
    35 | D        | Killed a neqoxec
    36 | D        | Reached skill level 15 in Stealth
    36 | D        | Reached skill level 5 in Dodging
    36 | D        | Reached XP level 5. HP: 21/22 MP: 5/9
    44 | D        | Killed a neqoxec
    45 | D        | Reached skill level 5 in Fighting
    45 | D        | Reached skill level 5 in Unarmed Combat
    45 | D        | Gained mutation: You are covered in thick fur. (AC +2)
                  | [Felid growth]
    45 | D        | Reached XP level 6. HP: 8/27 MP: 5/12
    46 | D        | Gained mutation: You occasionally lose the ability to drink
                  | potions when taking damage. [a neqoxec]
    49 | D        | Killed a neqoxec
   373 | D        | Reached XP level 7. HP: 23/30 MP: 13/15
   389 | D        | Reached skill level 5 in Spellcasting
   848 | D        | Noticed a wyvern
   848 | D        | Noticed a wyvern
   851 | D        | Killed a wyvern
   854 | D        | Killed a wyvern
   855 | D        | Reached skill level 10 in Dodging
   855 | D        | Reached XP level 8. HP: 36/36 MP: 16/18
   883 | D        | Found Cufes's Armour Emporium.
   884 | D        | Found Rues's Antique Armour Shoppe.
   884 | D        | Found Lakul's Jewellery Emporium.
   884 | D        | Found Dakiun's Distillery.
   884 | D        | Found Nitwyu's Jewellery Shoppe.
   884 | D        | Found Daucvao's Distillery.
   884 | D        | Found Rucwar's Magic Scroll Emporium.
   884 | D        | Found Folewa's Jewellery Shoppe.
   884 | D        | Found Cinger's Jewellery Emporium.
   884 | D        | Found Aggefug's Antique Weapon Shoppe.
   884 | D        | Found Haruta's Jewellery Emporium.
   885 | D        | Found Eneecw's Book Shoppe.
   885 | D        | Found Cale's Jewellery Shoppe.
   885 | D        | Found Xewn's Antique Armour Emporium.
   885 | D        | Noticed Menkaure
   903 | D        | Killed Menkaure
   905 | D        | Noticed a fire dragon
   905 | D        | Noticed an oklob plant
   906 | D        | Found Hajosching's Book Shoppe.
   909 | D        | Noticed an iron elemental
   915 | D        | Bought a +5 ring of evasion for 504 gold pieces
   916 | D        | Noticed a shining eye
   949 | D        | Found a snail-covered altar of Cheibriados.
   950 | D        | Found a shadowy altar of Dithmenos.
   951 | D        | Found a white marble altar of Elyvilon.
   951 | D        | Found an ancient bone altar of Kikubaaqudgha.
   951 | D        | Found a viscous altar of Jiyva.
   952 | D        | Found a blossoming altar of Fedhas.
   952 | D        | Found a corrupted altar of Lugonu.
   952 | D        | Found a shimmering blue altar of Sif Muna.
   953 | D        | Found an opulent altar of Gozag.
   953 | D        | Found a burning altar of Makhleb.
   953 | D        | Found a bloodstained altar of Trog.
   954 | D        | Found a sparkling altar of Nemelex Xobeh.
   954 | D        | Found a hide-covered altar of Uskayaw.
   955 | D        | Found a hazy altar of Hepliaklqana.
   955 | D        | Found a sacrificial altar of Ru.
   955 | D        | Found a shimmering altar of Xom.
   957 | D        | Found a basalt altar of Yredelemnul.
   958 | D        | Found an iron altar of Okawaru.
   958 | D        | Found a radiant altar of Vehumet.
   958 | D        | Found a glowing silver altar of Zin.
   958 | D        | Noticed a hornet
   958 | D        | Noticed a polar bear
   959 | D        | Found a stormy altar of Qazlal.
   959 | D        | Found an ornate altar of the Wu Jian Council.
   959 | D        | Found a glowing golden altar of the Shining One.
   959 | D        | Noticed a yaktaur
   963 | D        | Became a worshipper of Dithmenos the Shadowed
  1041 | D        | Noticed a death drake
  1059 | D        | Slain by a yak
  1060 | D        | Reached XP level 7. HP: -4/33 MP: 18/18
  1074 | D        | Killed a yak
  1074 | D        | Reached * piety under Dithmenos
  1079 | D        | Killed a yak
  1316 | D        | Noticed a polar bear
  1316 | D        | Noticed a polar bear
  1317 | D        | Killed a polar bear
  1318 | D        | Reached XP level 8. HP: 37/37 MP: 18/20
  1318 | D        | Killed a polar bear
  1318 | D        | Reached ** piety under Dithmenos
  1320 | D        | Killed a hornet
  1321 | D        | Reached skill level 10 in Unarmed Combat
  1321 | D        | Killed a polar bear
  1327 | D        | Killed a yaktaur
  1328 | D        | Reached skill level 10 in Fighting
  1328 | D        | Reached XP level 9. HP: 33/41 MP: 19/22
  1357 | D        | Noticed a death drake
  1357 | D        | Noticed a crystal guardian
  1358 | D        | Reached *** piety under Dithmenos
  1361 | D        | Killed a death drake
  1365 | D        | Killed from afar by a death drake
  1366 | D        | Reached XP level 8. HP: -13/39 MP: 22/22
  1375 | D        | Engulfed by a death drake's foul pestilence

Illustrated notes

Levels and vault maps discovered:
D:        the_violet_keep_of_menkaure [sprint2_stairs_cluster_1,
          sprint2_shoproom, sprint2_temple, sprint2_basic_supplies,
          sprint2_obstacle_7, sprint2_obstacle_5, sprint2_obstacle_3,
          sprint2_obstacle_6, sprint2_obstacle_1, sprint2_timed_cluster_1,
          sprint2_smallroom_cluster_1, sprint2_smallroom_final_cluster_1,
          sprint2_transparent_cluster_1, sprint2_second_timed_cluster_1,
          sprint2_sniper_area_1, sprint2_heavy_combat_area_1,
          sprint2_mutation_trap_area_1, sprint2_forest_area_1,
          sprint2_light_combat_area_1, sprint2_behind_water_1,
          sprint2_near_end_vault_1]

Skill      XL: |  1  2  3  4  5  6  7  8  9 |
---------------+----------------------------+-----
Stealth        | 13 15 | 15.0
Fighting       | 4 5 6 9 10 | 10.7
Dodging        | 5 6 8 11 13 | 13.7
Spellcasting   | 2 3 4 6 8 9 |  9.3
Unarmed Combat | 5 6 9 10 11 | 11.0

Action                     |  1- 3 |  4- 6 |  7- 9 || total
---------------------------+-------+-------+-------++-------
  Melee: Unarmed           |     9 |    34 |    82 ||   125
         Bite              |     1 |     3 |     8 ||    12
         Punch             |       |     3 |     2 ||     5
    Use: Potion            |     1 |     3 |     1 ||     5
         Scroll            |       |       |     1 ||     1
   Stab: Sleeping          |       |       |    12 ||    12
 Armour: Skin              |       |     1 |     8 ||     9
  Dodge: Dodged            |     4 |    11 |    53 ||    68
